 Dungeon Crawl Stone Soup version 0.31-a0-675-g238779eb0a (webtiles) character file.

Game seed: 7177139262268744562

280 Gargoyl the Chopper (level 6, -1/58 HPs)
             Began as a Gargoyle Berserker on Sept 5, 2023.
             Was a Believer of Trog.
             Slain by a kobold
             ... wielding a +0 short sword
              (3 damage)
             ... on level 3 of the Dungeon.
             The game lasted 00:02:26 (1708 turns).

Gargoyl the Chopper (Gargoyle Berserker)            Turns: 1708, Time: 00:02:26

Health: -1/58      AC:  6    Str: 21    XL:     6   Next: 27%
Magic:  6/6        EV: 12    Int:  7    God:    Trog [**....]
Gold:   131        SH:  0    Dex: 11    Spells: 5/5 levels left

rFire   . . .        d - +1 scythe (freeze)
rCold   . . .        (shield currently unavailable)
rNeg    + . .        b - +0 animal skin
rPois   ∞            (no helmet)
rElec   +            (no cloak)
rCorr   .            (no gloves)
SInv    +            (no boots)
Will    ++...        n - amulet of regeneration Stlth
                     h - ring of see invisible
HPRegen 2.09/turn    (no ring)
MPRegen 0.10/turn

%: no passive effects
@: berserking (expiring), strong-willed (expiring), regenerating (expiring),
very quick
A: sickness immunity, AC +4, negative energy resistance 1, electricity
resistance, torment resistance 1, petrification resistance
a: Renounce Religion, Berserk, Trog's Hand


You were on level 3 of the Dungeon.
You worshipped Trog.
Trog was pleased with you.
You visited 1 branch of the dungeon, and saw 3 of its levels.

You collected 131 gold pieces.

Inventory:

Hand Weapons
 a - a +0 hand axe
 d - a +1 scythe of freezing (weapon)
Armour
 b - a +0 animal skin (worn)
Jewellery
 f - a ring of protection from cold
 h - a ring of see invisible (left hand)
 n - an amulet of regeneration (around neck)
Scrolls
 e - 3 scrolls of teleportation
Potions
 c - a potion of might
 i - 2 potions of lignification {unknown}
 k - a potion of attraction {unknown}
 l - a potion of enlightenment {unknown}
 m - a potion of curing {unknown}
 o - a potion of haste {unknown}


   Skills:
 + Level 4.4 Fighting
 + Level 4.7(4.8) Axes
 + Level 0.7(3.0) Polearms
 + Level 2.4 Armour
 + Level 2.7 Dodging
 + Level 1.1 Stealth


You had 5 spell levels left.
You didn't know any spells.
Your spell library was empty.

Dungeon Overview and Level Annotations

Branches:
Dungeon (3/15)

Altars:

Shops:
D:2 *   D:3 :

Annotations:
D:3 1 runed translucent door, Pascal76's ghost, amateur DjGl; Robin


Innate Abilities, Weirdness & Mutations

You are immune to sickness and miasma.
Your stone body is resilient. (AC +4)
You are immune to poison.
You resist negative energy. (rN+)
You are resistant to electric shocks. (rElec)
You are resistant to unholy torment.
You are immune to petrification.


Message History

You closely miss the goblin. The goblin hits you with a +0 dagger.
The gnoll hits you from afar with a +0 halberd!
You slash the goblin! You freeze the goblin.
You kill the goblin!
Trog accepts your kill.
The gnoll hits you from afar with a +0 halberd.
You slash the hobgoblin! You freeze the hobgoblin.
You kill the hobgoblin!
Trog accepts your kill.
The gnoll hits you from afar with a +0 halberd.
You closely miss the hobgoblin. The hobgoblin misses you.
The gnoll hits you from afar with a +0 halberd!
You barely miss the hobgoblin.
You feel the effects of Trog's Hand fading.
The hobgoblin hits you but does no damage.
The gnoll hits you from afar with a +0 halberd!
You slash the hobgoblin! You freeze the hobgoblin.
You kill the hobgoblin!
Trog accepts your kill.
The gnoll hits you from afar with a +0 halberd.
A goblin comes into view. It is wielding a +0 club.
Unknown command.
You barely miss the kobold.
The goblin shouts!
The kobold barely misses you. Robin throws the goblin at you!
The gnoll hits you from afar with a +0 halberd.
* * * LOW HITPOINT WARNING * * *
Unknown command.
You barely miss the kobold. The kobold misses you.
The goblin hits you with a +1 dagger of venom.
* * * LOW HITPOINT WARNING * * *
Robin roars a battlecry!
The goblins go into a battle-frenzy!
The gnoll hits you from afar with a +0 halberd!
* * * LOW HITPOINT WARNING * * *
You closely miss the kobold. The gnoll hits you but does no damage.
The goblin hits you with a +0 club.
* * * LOW HITPOINT WARNING * * *
The kobold hits you with a +0 short sword.
You die...

.#.#####. .#.......#.# ..#
#.# # #.# ##.## .### #.#
#...# ###... #.####
#...######... ^....#
#........gg####..#
...!.####...#####KggK..∩$#
..#...........†.@###.##.##
...............gg# .#
.................# gg
.#...####...#####...gg.
.....# #...... ..#K##.
...<###.......# ..#.# ..
......#.#...#.# ..... ..
.#.##.#.##.##.# .###
...##.#


You could see Robin, a gnoll, 4 goblins and 2 kobolds.

Vanquished Creatures
  Sigmund (D:2)
  An orc wizard (D:2)
  2 gnolls (D:3)
  An adder (D:3)
  2 worms
  2 dart slugs (D:1)
  2 orcs (D:2)
  6 endoplasms
  2 giant cockroaches (D:1)
  9 goblins
  6 hobgoblins
  3 jackals (D:1)
  A quokka (D:1)
  7 ball pythons
  A bat (D:1)
  A frilled lizard (D:2)
  3 kobolds
  6 rats
56 creatures vanquished.

Notes
Turn   | Place    | Note
-------+----------+-------------------------------------------
     0 | D:1      | Gargoyl the Gargoyle Berserker began the quest for the Orb.
     0 | D:1      | Reached XP level 1. HP: 14/14 MP: 1/1
   108 | D:1      | Reached XP level 2. HP: 19/19 MP: 2/2
   278 | D:1      | Reached XP level 3. HP: 21/24 MP: 3/3
   819 | D:2      | Found Westruvi's General Store.
   890 | D:2      | Reached ** piety under Trog
   941 | D:2      | Noticed Sigmund
   954 | D:2      | Killed Sigmund
   955 | D:2      | Reached XP level 4. HP: 23/29 MP: 4/4
   955 | D:2      | Reached XP level 5. HP: 27/33 MP: 5/5
  1501 | D:2      | Reached XP level 6. HP: 24/38 MP: 6/6
  1599 | D:3      | Found a runed translucent door.
  1604 | D:3      | Noticed Pascal76's ghost (amateur DjGl)
  1681 | D:3      | Reached skill level 1 in Stealth
  1683 | D:3      | Found Xifio's Book Emporium.
  1688 | D:3      | Noticed Robin
  1708 | D:3      | HP: 2/58 [goblin/+0 club[Robin] (6)]
  1708 | D:3      | Slain by a kobold

Illustrated notes

Levels and vault maps discovered:
D:1:      elethiomel_arrival_shortcut, layout_basic
D:2:      layout_basic, serial_shops, nicolae_shop_advertising_works
          [nicolae_subvault_shop_adworks], uniq_sigmund
D:3:      layout_loops_cross, lemuel_blue_sif_altar, serial_shops, shop, shop,
          nicolae_shop_behind_doors, shop_fountains,
          ebering_ghost_reflecting_pool, nicolae_ecumenical_oubliette,
          dreamdust_wishing_well, uniq_robin, uniq_jessica

Skill      XL: |  1  2  3  4  5  6 |
---------------+-------------------+-----
Dodging        | 2 |  2.7
Axes           | 3 4 |  4.7
Fighting       | 4 |  4.4
Stealth        | 1 |  1.1
Polearms       | |  0.7
Armour         | |  2.4

Action                     |  1- 3 |  4- 6 || total
---------------------------+-------+-------++-------
  Melee: Hand axe          |    98 |       ||    98
         Punch             |     2 |       ||     2
         Halberd           |       |    45 ||    45
 Invoke: Berserk           |     3 |     1 ||     4
         Trog's Hand       |     1 |     1 ||     2
    Use: Scroll            |     4 |     2 ||     6
   Stab: Sleeping          |       |     1 ||     1
 Armour: Animal skin       |    62 |    35 ||    97
  Dodge: Dodged            |    69 |    41 ||   110

Table legend: (Time is in decaauts)
 A = Elapsed time spent in this place.
 B = Non-inter-level travel time spent in this place.
 C = Inter-level travel time spent in this place.
 D = Time resting spent in this place.
 E = Time spent auto-exploring this place.
 F = Levels seen in this place.
 G = Mean time per level.
                   A        B        C        D        E       F      G
               +--------+--------+--------+--------+--------+-----+--------+
         Total |   1762 |   1689 |     73 |      0 |   1220 |   3 |  587.3 |
       Dungeon |   1762 |   1689 |     73 |      0 |   1220 |   3 |  587.3 |
               +--------+--------+--------+--------+--------+-----+--------+

Top non-repeatable levels by time:
     D:1: 843 daAuts
     D:2: 765 daAuts
     D:3: 153 daAuts
